 Dungeon Crawl Stone Soup version 0.29-a0-187-ga23d9638d5 (webtiles) character file.

Game seed: 7743598507266949670

108 chunkyMonkey the Shield-Bearer (level 4, -5/35 HPs)
             Began as a Mummy Fighter on Feb 21, 2022.
             Splashed by a jelly's acid (8 damage)
             ... on level 2 of the Dungeon.
             The game lasted 00:03:21 (3063 turns).

chunkyMonkey the Shield-Bearer (Mummy Fighter)      Turns: 3063, Time: 00:03:22

Health: -5/35      AC: -4    Str: 21    XL:     4   Next: 58%
Magic:  7/7        EV:  9    Int:  7    God:
Gold:   117        SH:  4    Dex: 11    Spells: 7/7 levels left

rFire   x . .      SeeInvis .   a - +0 war axe
rCold   + . .      Faith    .   c - +0 buckler
rNeg    + + +      Spirit   .   b - +0 scale mail
rPois   ∞          Reflect  .   (no helmet)
rElec   .          Harm     .   o - scarf {+Inv}
rCorr   .          Rampage  .   h - +0 pair of gloves
Will    .....                   (no boots)
Stlth   ..........              (no amulet)
HPRegen 0.11/turn               (no ring)
MPRegen 0.10/turn               (no ring)

@: corroded
A: cold resistance 1, negative energy resistance 3, torment resistance 2, heat
vulnerability 1, no potions
a: Evoke Invisibility


You were on level 2 of the Dungeon.
You visited 1 branch of the dungeon, and saw 2 of its levels.

You collected 117 gold pieces.

Inventory:

Hand Weapons
 a - a +0 war axe (weapon)
 i - a +4 dagger of draining
Missiles
 k - 5 datura-tipped darts (quivered)
 l - 6 poisoned darts
Armour
 b - a +0 scale mail (worn)
 c - a +0 buckler (worn)
 h - a +0 pair of gloves (worn)
 o - a scarf of invisibility (worn)
Scrolls
 d - a scroll of teleportation {unknown}
 e - a scroll of amnesia {unknown}
 f - a scroll of immolation {unknown}
 g - 5 scrolls of identify {unknown}
 j - a scroll of fear {unknown}
 m - a scroll of enchant weapon {unknown}
 n - a scroll of enchant armour {unknown}


   Skills:
 - Level 3.0 Fighting
 * Level 2.6 Axes
 + Level 2.7 Armour
 * Level 3.1 Shields
 + Level 2.0 Spellcasting
 + Level 0.2 Evocations


You had 7 spell levels left.
You didn't know any spells.
Your spell library was empty.

Dungeon Overview and Level Annotations

Branches:
Dungeon (2/15)

Altars:


Innate Abilities, Weirdness & Mutations

You are immune to poison.
Your flesh is cold resistant. (rC+)
You are immune to negative energy. (rN+++)
You are immune to unholy pain and torment.
You are vulnerable to heat. (rF-)
You do not drink.


Message History

You are frozen.
You resist. The endoplasm freezes you.
You are frozen.
You resist.
You slash the endoplasm!
You kill the endoplasm!
You aren't carrying any items that you can evoke.
Unknown command.
Throw: 5 darts (datura)
Press: ? - help, Q - select action, (/) - cycle Shift-Dir - straight line, f - jelly
Aim: a jelly (89% to hit, chance to frenzy on hit: 75%)
Okay, then.
You see here a +0 short sword.
There is an open door here.
You hit the jelly.
Your hands burn!
The jelly is moderately wounded.
You block the jelly's attack. x2
You slash the jelly!
You kill the jelly!
You slash the endoplasm!
You kill the endoplasm!
The endoplasm closely misses you.
Your Spellcasting skill increases to level 2!
You slash the endoplasm!
You kill the endoplasm!
The jelly hits you but does no damage.
You hit the jelly. The acid corrodes you!
Your hands burn!
The jelly is moderately wounded.
The jelly closely misses you. The jelly hits you. The acid corrodes you!
You are splashed with acid.
You slash the jelly!
Your hands burn!
The jelly is heavily wounded.
The jelly hits you.
You are splashed with acid!
* * * LOW HITPOINT WARNING * * *
There is an open door here.
There is an open gate here.
You see here a bubbling puce potion.
The jelly hits you.
* * * LOW HITPOINT WARNING * * *
The acid corrodes you!
You are splashed with acid!
You die...

#.#'#......'.!.##....# #.#.#.#..
#J#.#.....##.#.......# #........
#)#.#....######.###### #........
##.####### #.#########.#.###..
### #........##.....#..
###############.######.####†#.###
.......................# #.#.#
...############J######.####.#.#
#..#### #.@.............# .<....#
########.####.### ...##.# #.# #.#
...##.# #.# #.# ...##.# #.# ###
......# #.# ..##### #.# .## ###
##


You could see a jelly.

Vanquished Creatures
  A jelly (D:2)
  3 adders (D:2)
  A worm (D:2)
  A dart slug (D:1)
  5 bats (D:2)
  8 endoplasms
  2 giant cockroaches (D:2)
  4 goblins
  3 hobgoblins
  4 ball pythons
  5 frilled lizards
  10 kobolds
  A rat (D:1)
48 creatures vanquished.

Vanquished Creatures (others)
  5 fungi (D:2)
  9 toadstools (D:2)
14 creatures vanquished.

Grand Total: 62 creatures vanquished

Notes
Turn   | Place    | Note
-------+----------+-------------------------------------------
     0 | D:1      | chunkyMonkey the Mummy Fighter began the quest for the Orb.
     0 | D:1      | Reached XP level 1. HP: 18/18 MP: 1/1
   364 | D:1      | Found a faded altar of an unknown god.
   920 | D:1      | Reached XP level 2. HP: 24/24 MP: 2/2
  1136 | D:2      | Reached skill level 1 in Spellcasting
  1309 | D:2      | Reached XP level 3. HP: 18/29 MP: 4/4
  2802 | D:2      | Reached XP level 4. HP: 35/35 MP: 6/6
  3063 | D:2      | Splashed by a jelly's acid

Illustrated notes

Levels and vault maps discovered:
D:1:      scummos_arrival_gate, layout_loops_corners,
          hellmonk_ecumenical_altar_run_dry, minmay_stone_trees_small
D:2:      cheibrodos_fertilizer, layout_basic, chequers_serial_rivers_large_b,
          minmay_puff

Skill      XL: |  1  2  3  4 |
---------------+-------------+-----
Axes           | 2 |  2.6
Spellcasting   | 1 2 |  2.0
Shields        | 3 |  3.1
Fighting       | |  3.0
Armour         | |  2.7
Evocations     | |  0.2

Action                   |  1- 3 |  4- 6 || total
-------------------------+-------+-------++-------
Melee: War axe           |   100 |    14 ||   114
Armor: Scale mail        |    52 |     1 ||    53
Dodge: Dodged            |    62 |     3 ||    65
Block: Buckler           |    23 |     2 ||    25

Table legend: (Time is in decaauts)
 A = Elapsed time spent in this place.
 B = Non-inter-level travel time spent in this place.
 C = Inter-level travel time spent in this place.
 D = Time resting spent in this place.
 E = Time spent auto-exploring this place.
 F = Levels seen in this place.
 G = Mean time per level.
                   A        B        C        D        E       F      G
               +--------+--------+--------+--------+--------+-----+--------+
         Total |   3164 |   2973 |    191 |    549 |   2015 |   2 | 1582.0 |
       Dungeon |   3164 |   2973 |    191 |    549 |   2015 |   2 | 1582.0 |
               +--------+--------+--------+--------+--------+-----+--------+

Top non-repeatable levels by time:
     D:2: 1912 daAuts
     D:1: 1251 daAuts
